 Dungeon Crawl Stone Soup version 0.31-a0-18-gea43df2a32 (webtiles) character file.

Game seed: 13767608881217110516

249 sircluck the Covert (level 6, -4/36 HPs)
             Began as a Kobold Brigand on May 9, 2023.
             Slain by Crazy Yiuf
             ... wielding a +4 quarterstaff of chaos
              (15 damage)
             ... on level 2 of the Dungeon.
             The game lasted 00:02:00 (1819 turns).

sircluck the Covert (Kobold Brigand)                Turns: 1819, Time: 00:02:01

Health: -4/36      AC:  3    Str:  9    XL:     6   Next: 34%
Magic:  6/6        EV: 15    Int: 12    God:
Gold:   51         SH:  0    Dex: 18    Spells: 5/5 levels left

rFire   . . .        a - +2 dagger
rCold   . . .        (no shield)
rNeg    . . .        b - +0 robe
rPois   .            (no helmet)
rElec   .            c - +0 cloak
rCorr   .            (no gloves)
SInv    .            (no boots)
Will    .....        (no amulet)
Stlth   +++++        (no ring)
HPRegen 0.26/turn    (no ring)
MPRegen 0.10/turn

%: no passive effects
@: lethally poisoned (-4 -> -20)
A: small, no large weapons, nightstalker 3
a: no special abilities


You were on level 2 of the Dungeon.
You visited 1 branch of the dungeon, and saw 2 of its levels.

You collected 51 gold pieces.

Inventory:

Hand Weapons
 a - a +2 dagger (weapon)
Missiles
 d - 17 poisoned darts (quivered)
 e - 3 curare-tipped darts
 i - 11 stones
Armour
 b - a +0 robe (worn)
 c - a +0 cloak (worn)
Jewellery
 o - the amulet "Ylipnac" {RegenMP rN+++ rCorr Dex-5 Slay-3}
   (You found it on level 2 of the Dungeon)

   [amulet of magic regeneration]

   It increases your rate of magic regeneration.
   Dex:       It affects your dexterity (-5).
   Slay:      It affects your accuracy & damage with ranged weapons and melee
   (-3).
   rN:        It renders you almost immune to negative energy.
   rCorr:     It protects you from acid and corrosion.
Scrolls
 k - a scroll of enchant weapon {unknown}
 l - a scroll of silence {unknown}
 m - a scroll of identify {unknown}
 p - 2 scrolls of teleportation {unknown}
Potions
 f - a potion of attraction {unknown}
 g - a potion of brilliance {unknown}
 h - a potion of heal wounds {unknown}
 j - a potion of flight {unknown}
 n - a potion of haste {unknown}
 q - a potion of ambrosia {unknown}
 r - a potion of curing {unknown}


   Skills:
 + Level 2.6 Fighting
 + Level 4.4 Short Blades
 + Level 2.3 Throwing
 + Level 2.0 Dodging
 + Level 8.7 Stealth


You had 5 spell levels left.
You didn't know any spells.
Your spell library contained the following spells:

 Spells                   Type           Power      Damage    Failure   Level
 Slow                     Hex            0%         N/A       32%         1
 Confusing Touch          Hex            0%         N/A       69%         3
 Inner Flame              Hex/Fire       0%         N/A       69%         3
 Vampiric Draining        Necr           0%         2d6       69%         3
 Animate Dead             Necr           0%         N/A       97%         4
 Borgnjor's Vile Clutch   Necr/Erth      0%         N/A       100%        5
 Yara's Violent Unravell  Hex/Tmut       0%         3d3       100%        5
 Death Channel            Necr           0%         N/A       100%        6
 Enfeeble                 Hex            0%         N/A       100%        7


Dungeon Overview and Level Annotations

Branches:
Dungeon (2/15)

Altars:
Qazlal

Annotations:
D:2 Crazy Yiuf


Innate Abilities, Weirdness & Mutations

You are small and have problems with some larger weapons.
You are completely attuned to the shadows.


Message History

No reachable target in view!
Could not explore, unopened runed door.
No reachable target in view!
Could not explore, unopened runed door.
No reachable target in view!
Could not explore, unopened runed door.
No reachable target in view!
Could not explore, unopened runed door.
No reachable target in view!
You start waiting.
Done waiting.
You start waiting.
Done waiting.
You start waiting.
Done waiting.
Crazy Yiuf shouts!
Crazy Yiuf says, "Goldfish!
Action alas illywillydillykilly."
Crazy Yiuf whimpers, "Two!
Liver cloud forty-two."
You open the door.
Crazy Yiuf laughs, "Rot ragdoll koolooloo!"
Crazy Yiuf attacks as you move away! Crazy Yiuf barely misses you.
You throw a poisoned dart. The poisoned dart hits Crazy Yiuf.
Crazy Yiuf is poisoned.
Crazy Yiuf hits you with a +4 quarterstaff of chaos.
Crazy Yiuf freezes you.
You hit Crazy Yiuf.
Crazy Yiuf is moderately wounded.
Crazy Yiuf barely misses you.
You hit Crazy Yiuf.
Crazy Yiuf is heavily wounded.
Crazy Yiuf hits you with a +4 quarterstaff of chaos!
You are lethally poisoned!
You hit Crazy Yiuf.
Crazy Yiuf is heavily wounded.
You feel very sick.
You barely miss Crazy Yiuf.
Crazy Yiuf is heavily wounded.
You feel very sick.
Crazy Yiuf hits you with a +4 quarterstaff of chaos!
You die...

#.)...## #.## #..##### #......#
##.# #######...... #......# #.##
#.........### #####..# ##.#
#######..## # #..# ##.## #...###
#.## ##...# ######....#. #.#
#....# ##...####..#. ###### #)#
#..g.# #.....###..#. .....# #.#
####.@####.....)##..#. ...#.# #.#
#.#...# #.......##..). .###.# #.#
#.##.## #...........##
P..#.###.###....#####.....####...
.#.#.##.......####.............#.
...#............#..#.............
.###.........##...##.......###...
..P#..............###.....###....
P###...รท.....####.####...###..#..


You could see Crazy Yiuf (poisoned).

Vanquished Creatures
  Sigmund (D:2)
  2 adders (D:2)
  A worm (D:2)
  3 dart slugs
  6 bats
  7 endoplasms
  3 giant cockroaches
  9 goblins
  3 hobgoblins
  2 jackals (D:1)
  6 kobolds
  2 quokkas
  5 ball pythons (D:1)
  2 frilled lizards
  3 rats
55 creatures vanquished.

Notes
Turn   | Place    | Note
-------+----------+-------------------------------------------
     0 | D:1      | sircluck the Kobold Brigand began the quest for the Orb.
     0 | D:1      | Reached XP level 1. HP: 12/12 MP: 1/1
   126 | D:1      | Reached XP level 2. HP: 17/17 MP: 2/2
   129 | D:1      | Reached skill level 6 in Stealth
   302 | D:1      | Reached XP level 3. HP: 21/21 MP: 3/3
   633 | D:2      | Noticed Sigmund
   638 | D:2      | Killed Sigmund
   639 | D:2      | Reached skill level 8 in Stealth
   639 | D:2      | Reached XP level 4. HP: 27/27 MP: 4/4
   639 | D:2      | Reached XP level 5. HP: 31/31 MP: 5/5
   639 | D:2      | Reached XP level 6. HP: 36/36 MP: 6/6
   964 | D:2      | Found a stormy altar of Qazlal.
  1099 | D:2      | Identified the amulet "Ylipnac" {RegenMP rN+++ rCorr Dex-5
                  | Slay-3}
  1170 | D:2      | Found a faded altar of an unknown god.
  1324 | D:2      | Found a runed translucent door.
  1327 | D:2      | Noticed Crazy Yiuf
  1819 | D:2      | Slain by Crazy Yiuf

Illustrated notes

Levels and vault maps discovered:
D:1:      dpeg_chamrin_arrival_tetris, layout_rooms
D:2:      layout_rooms, shapermc_ecumenical_altar_mp_urbaneastern, basic_altar,
          uniq_sigmund, uniq_crazy_yiuf_cottage

Skill      XL: |  1  2  3  4  5  6 |
---------------+-------------------+-----
Stealth        | 6 8 |  8.7
Short Blades   | 4 |  4.4
Dodging        | 2 |  2.0
Fighting       | |  2.6
Throwing       | |  2.3

Action                     |  1- 3 |  4- 6 || total
---------------------------+-------+-------++-------
  Melee: Dagger            |    52 |    55 ||   107
         Punch             |       |     2 ||     2
  Throw: Dart              |       |     1 ||     1
   Stab: Sleeping          |    19 |    12 ||    31
 Armour: Robe              |     8 |     3 ||    11
  Dodge: Dodged            |    24 |    31 ||    55

Table legend: (Time is in decaauts)
 A = Elapsed time spent in this place.
 B = Non-inter-level travel time spent in this place.
 C = Inter-level travel time spent in this place.
 D = Time resting spent in this place.
 E = Time spent auto-exploring this place.
 F = Levels seen in this place.
 G = Mean time per level.
                   A        B        C        D        E       F      G
               +--------+--------+--------+--------+--------+-----+--------+
         Total |   1801 |   1669 |    132 |    300 |   1047 |   2 |  900.5 |
       Dungeon |   1801 |   1669 |    132 |    300 |   1047 |   2 |  900.5 |
               +--------+--------+--------+--------+--------+-----+--------+

Top non-repeatable levels by time:
     D:2: 1083 daAuts
     D:1: 717 daAuts
